 Dungeon Crawl Stone Soup version 0.29-a0-870-g2c972031a6 (webtiles) character file.

Game seed: 5180280014284984113

3906 zeratav the Tainter (level 10, -3/71 HPs)
             Began as an Octopode Venom Mage on July 18, 2022.
             Was an Initiate of Gozag.
             Slain by a white ugly thing (11 damage)
             ... on level 9 of the Dungeon.
             The game lasted 00:18:10 (13355 turns).

zeratav the Tainter (Octopode Venom Mage)          Turns: 13355, Time: 00:18:10

Health: -3/71      AC:  1    Str: 15    XL:     10   Next: 20%
Magic:  9/13       EV: 15    Int: 25    God:    Gozag
Gold:   582        SH:  5    Dex: 12    Spells: 6/13 levels left

rFire   + . .      SeeInvis .   x - +8 mace of Xaokh {vorpal, Contam rC+ rCorr Int+4, mace}
rCold   + . .      Faith    .   (no shield)
rNeg    . . .      Spirit   .   (helmet restricted)
rPois   +          Reflect  +   o - amulet of reflection
rElec   .          Harm     .   i - +6 ring of strength
rCorr   +          Rampage  .   q - ring of poison resistance
Will    .....                   (no ring)
Stlth   ++++......              (no ring)
HPRegen 0.00/turn               (no ring)
MPRegen 0.13/turn               (no ring)
                                (no ring)
                                (no ring)

@: radiating poison, gold aura, inhibited regen
A: almost no armour, amphibious, 8 rings, camouflage 1, gelatinous body 1,
(nimble swimmer 1), tentacles, fire resistance 1, inhibited regeneration,
evolution 1
a: Renounce Religion, Potion Petition, Call Merchant, Bribe Branch


You were on level 9 of the Dungeon.
You worshipped Gozag.
Gozag was pleased with you.
You visited 2 branches of the dungeon, and saw 10 of its levels.
You also visited: Sewer.

You collected 676 gold pieces.
You paid 94 gold pieces to Gozag.


Innate Abilities, Weirdness & Mutations

You cannot wear most types of armour.
You are amphibious.
You can wear up to eight rings at the same time.
Your skin changes colour to match your surroundings (Stealth+).
Your rubbery body absorbs attacks. (AC +1, EV +1)
((You are camouflaged when in or above water. (Stealth+)))
You have tentacles for arms and can constrict up to eight enemies at once.
Your flesh is heat resistant. (rF+)
You do not regenerate when monsters are visible.
You have hidden genetic potential.


   Skills:
 - Level 7.0 Fighting
 - Level 7.0 Dodging
 - Level 5.0 Stealth
 - Level 2.0 Spellcasting
 + Level 7.5 Summonings
 - Level 1.0 Transmutations
 - Level 9.0 Poison Magic


You had 6 spell levels left.
You knew the following spells:

 Your Spells              Type           Power      Damage    Failure   Level
a - Sting                 Tmut/Pois      100%       1d8       1%          1
b - Poisonous Vapours     Pois/Air       50%        N/A       2%          2
c - Olgreb's Toxic Radia  Pois           47%        N/A       2%          4

Your spell library contained the following spells:

 Spells                   Type           Power      Damage    Failure   Level
 Call Imp                 Summ           40%        N/A       1%          2
 Call Canine Familiar     Summ           40%        N/A       1%          3
 Spider Form              Tmut/Pois      27%        N/A       4%          3
 Beastly Appendage        Tmut           14%        N/A       8%          1
 Mephitic Cloud           Conj/Pois/Air  17%        N/A       10%         3
 Foxfire                  Conj/Fire      8%         2x1d4     11%         1
 Magic Dart               Conj           8%         1d3       11%         1
 Wereblood                Tmut           7%         N/A       11%         2
 Scorch                   Fire           4%         2d5       17%         2
 Conjure Flame            Conj/Fire      2%         6-21      32%         3
 Inner Flame              Hex/Fire       2%         N/A       32%         3
 Portal Projectile        Hex/Tloc       4%         N/A       32%         3
 Summon Cactus Giant      Summ           20%        N/A       61%         6
 Flame Wave               Conj/Fire      2%         2d4       73%         4
 Leda's Liquefaction      Hex/Erth       1%         N/A       73%         4

Inventory:

Hand Weapons
 r - the +3 hand axe of the Stopping Gods {speed, rC+, axe}
   (You found it on level 2 of the Dungeon)

   Attacks with this weapon are significantly faster.
   rC:        It protects you from cold.
 x - the +8 mace of Xaokh (weapon) {vorpal, Contam rC+ rCorr Int+4, mace}
   (You found it on level 6 of the Dungeon)

   It inflicts extra damage upon your enemies.
   Int:       It affects your intelligence (+4).
   rC:        It protects you from cold.
   Contam:    It causes magical contamination when unequipped.
   rCorr:     It protects you from acid and corrosion.
Missiles
 g - 4 boomerangs of dispersal {=fthrowing}
Armour
 w - an orb of light
   (You found it on level 4 of the Dungeon)
Jewellery
 i - a +6 ring of strength (left tentacle)
   (You found it on level 1 of the Dungeon)
 o - an amulet of reflection (around mantle)
   (You found it on level 2 of the Dungeon)
 q - a ring of poison resistance (right tentacle)
   (You found it on level 2 of the Dungeon)
Wands
 m - a wand of light (9)
   (You found it on level 8 of the Dungeon)
 u - a wand of mindburst (14)
   (You found it on level 3 of the Dungeon)
 v - a wand of flame (20)
   (You took it off Sigmund on level 3 of the Dungeon)
Scrolls
 b - 2 scrolls of teleportation {@r4}
 e - 3 scrolls of vulnerability {!r!r}
 l - 2 scrolls of blinking {!r}
 p - 3 scrolls of enchant armour
 s - a scroll of fog
 y - 2 scrolls of amnesia
Potions
 a - 2 potions of magic
 c - a potion of haste {unknown}
 d - 4 potions of curing {@q1}
 f - a potion of mutation {!q}
 h - 6 potions of heal wounds {unknown}
 j - 2 potions of lignification {unknown}
 k - 2 potions of might {unknown}
 n - 2 potions of resistance {unknown}
 t - a potion of cancellation {unknown}
 z - a potion of berserk rage {unknown}
 A - a potion of experience {unknown}
 B - a potion of flight {unknown}

Dungeon Overview and Level Annotations

Branches:
Dungeon (9/15) Zot: 26527  Temple (1/1) D:6 Zot: 5987     Orc (0/2) D:9
  Sewer (visited)
   Lair: D:8-11

Altars:
Ashenzari
Cheibriados
Dithmenos
Elyvilon
Fedhas
Gozag
Hepliaklqana
Kikubaaqudgha
Makhleb
Nemelex Xobeh
Okawaru
Qazlal
Ru
Sif Muna
Trog
Uskayaw
Vehumet
Wu Jian
Xom
Yredelemnul
Zin
The Shining One

Annotations:
D:8 2 transporters, gdog's ghost, novice GnDe

#.##
##..##.####'####
#. #.#####.##.##
#. #.#..##.#.#.#
#. ##[##.##'.#.#
#..#.#.###.#.#
### .##.#####.
###.# +## ###.##
.# ##@.## .#
###u### .#
#.....# .#
#...#.#.#
+.#..$H#
#...#$#.#
#.....#..#
###+### ..# ..#


You could see a white ugly thing (very poisoned).


Message History

The killer bee barely misses you.
You sock the killer bee!
You kill the killer bee!
You now have 576 gold pieces (gained 6).
There is an open door here.
HP[+1] HP[+1]
You see here a +0 scale mail.
A howler monkey comes into view.
HP[+8]
Your hp is fully restored (71).
The helpless howler monkey fails to defend itself.
You hit the howler monkey. You grab the howler monkey.
You constrict the howler monkey. The howler monkey hits you.
The howler monkey barely misses you.
HP[-6]
You take 6 damage, and now have 65/71 hp.
You sock the howler monkey!
You kill the howler monkey!
No target in view!
You now have 582 gold pieces (gained 6).
You open the door.
There is an open door here.
A bullfrog comes into view.
HP[+6]
Your hp is fully restored (71).
A bullfrog is nearby!
A bullfrog is nearby!
The bullfrog croaks.
The bullfrog hits you.
An orc warrior opens the door.
HP[-2]
You take 2 damage, and now have 69/71 hp.
The orc warrior shouts!
You hit the bullfrog. You grab the bullfrog. You constrict the bullfrog.
You hear two shouts!
You hear a horrible gurgling sound!
You hear a shout!
You hear an angry buzzing noise.
The bullfrog hits you. The bullfrog barely misses you.
You block the bullfrog's attack.
You hear a croak.
HP[-4]
You take 4 damage, and now have 65/71 hp.
You sock the bullfrog!
You kill the bullfrog!
The orc warrior hits you with a +0 mace!
HP[-10]
You take 10 damage, and now have 55/71 hp.
You sock the orc warrior! You grab the orc warrior.
You constrict the orc warrior.
The orc warrior is distracted by your dazzling golden aura.
You hit the orc warrior.
The orc warrior is no longer distracted by gold.
You squeeze the orc warrior!
You constrict the orc warrior, but do no damage.
A white ugly thing comes into view.
The orc warrior hits you with a +0 mace!!
The white ugly thing moves out of view.
HP[-19]
You take 19 damage, and now have 36/71 hp.
MASSIVE DAMAGE!! (PAUSE)
You thump the orc warrior!
You kill the orc warrior!
Something unseen opens the door.
A manticore comes into view.
Things that are here:
9 gold pieces; a +0 mace {mace}; a +0 chain mail You hit the white ugly thing but do no damage.
Your grab misses the white ugly thing.
You block the white ugly thing's attack.
The white ugly thing gores you!
* * * LOW HITPOINT WARNING * * *
The white ugly thing freezes you! You resist.
* * * LOW HITPOINT WARNING * * *
You are too injured to fight recklessly!
You are too injured to fight recklessly!
HP[-28]
You take 28 damage, and now have 8/71 hp.
MASSIVE DAMAGE!! (PAUSE)
You are too injured to fight recklessly!
You are too injured to fight recklessly!
You are too injured to fight recklessly!
You are too injured to fight recklessly!
Unknown command.
Casting: Poisonous Vapours (safe; 2% risk of failure)
Confirm with . or Enter, or press ? or * to list all spells.
Okay, then.
Blink to where?
Press: ? - help, Q - select action, (/) - cycle Dir - move target
As you read the scroll of blinking {!r}, it crumbles to dust.
You close the door.
Something unseen opens the door.
You block the white ugly thing's attack.
There is an open door here.
Casting: Poisonous Vapours (safe; 2% risk of failure)
Confirm with . or Enter, or press ? or * to list all spells.
You don't know that spell.
Casting: Poisonous Vapours (safe; 2% risk of failure)
Confirm with . or Enter, or press ? or * to list all spells.
You begin to radiate toxic energy.
The white ugly thing is poisoned.
The white ugly thing looks even sicker.
The white ugly thing gores you!
You die...
Your body crumbles into a pile of gold.

Skill      XL: |  1  2  3  4  5  6  7  8  9 10 |
---------------+-------------------------------+-----
Stealth        | 3 4 5 |  5.0
Poison Magic   | 4 5 7 8 9 |  9.0
Fighting       | 3 5 7 |  7.0
Dodging        | 3 6 7 |  7.0
Summonings     | 6 7 |  7.5
Spellcasting   | |  2.0
Transmutations | |  1.0

Action                   |  1- 3 |  4- 6 |  7- 9 | 10-12 || total
-------------------------+-------+-------+-------+-------++-------
Melee: Unarmed           |     6 |       |       |       ||     6
       Whip              |     7 |     8 |       |       ||    15
       Tentacles         |     3 |    15 |    34 |    10 ||    62
       Constrict         |     2 |    15 |    38 |     5 ||    60
       Hand axe          |       |    39 |   129 |       ||   168
       Punch             |       |       |     3 |       ||     3
       Mace              |       |       |    35 |    29 ||    64
 Cast: Sting             |    38 |    46 |    31 |     4 ||   119
       Poisonous Vapours |       |     9 |    25 |     5 ||    39
       Olgreb's Toxic Ra |       |     4 |    52 |     5 ||    61
Evoke: Wand              |       |     5 |     1 |       ||     6
  Use: Scroll            |       |       |    12 |     1 ||    13
       Potion            |       |       |     3 |       ||     3
 Stab: Sleeping          |     1 |    10 |    24 |     2 ||    37
Armor: Skin              |       |     2 |     9 |     3 ||    14
Dodge: Dodged            |    14 |    23 |    90 |    23 ||   150
Block: Other             |       |     8 |    33 |    10 ||    51
       Reflection        |       |       |     2 |       ||     2

Levels and vault maps discovered:
D:1:      minmay_arrival_semitransparent, layout_basic
D:2:      layout_rooms, shapermc_ecumenical_altar_acropolis, solitary_fountain,
          uniq_jessica, uniq_terence
D:3:      layout_loops_corners, dancing_weapons_uskayaw, uniq_natasha,
          uniq_sigmund
D:4:      kennysheep_slugbush, layout_gridville,
          lemuel_mausoleum_altar_yredelemnul, st_stairs_10
D:5:      layout_loops_corners, mainiacjoe_overflow_swirl
D:6:      layout_loops_ring, lemuel_temple_firewalk_a, gup_sewer_entry_pipe,
          ebering_dispersal_statue_hall, uniq_blork_the_orc
D:7:      layout_cave_pools, serial_glass, glass_columns_b, glass_columns_b
D:8:      layout_loops_cross, gammafunk_ghost_arena, nicolae_sextant,
          minmay_crystal_room, skrybe_limestone_x
D:9:      minmay_the_grid_octo_tiled_octocenter
          [minmay_the_grid_octo_fan_narrow, minmay_the_grid_octo_thin_diamonds,
          minmay_the_grid_octo_horde, minmay_the_grid_octo_teeth,
          minmay_the_grid_octo_prize_star, minmay_the_grid_square_5x5_two_small,
          minmay_the_grid_square_5x5_hourglass,
          minmay_the_grid_square_5x5_hollow_slash,
          minmay_the_grid_square_5x5_three_walls], layout_loops_ring
Temple:   nicolae_temple_no_exploring_needed

Notes
Turn   | Place    | Note
-------+----------+-------------------------------------------
     0 | D:1      | zeratav the Octopode Venom Mage began the quest for the
                  | Orb.
     0 | D:1      | Reached XP level 1. HP: 11/11 MP: 3/3
     0 | D:1      | magus.rc [v1.9.6]
   118 | D:1      | You pick up a book of Scorching and begin reading...
   118 | D:1      | You add the spells Scorch, Flame Wave and Summon Cactus
                  | Giant to your library.
   274 | D:1      | Reached skill level 3 in Stealth
   474 | D:1      | Reached XP level 2. HP: 14/17 MP: 0/5
   547 | D:1      | Reached skill level 4 in Poison Magic
  1190 | D:2      | Reached skill level 4 in Stealth
  1190 | D:2      | Reached XP level 3. HP: 21/21 MP: 3/6
  1225 | D:2      | Noticed Jessica
  1235 | D:2      | Killed Jessica
  1410 | D:2      | Reached XP level 4. HP: 27/27 MP: 0/7
  1498 | D:2      | Noticed Terence
  1504 | D:2      | Learned a level 2 spell: Poisonous Vapours
  1616 | D:2      | Reached skill level 5 in Poison Magic
  1722 | D:2      | Identified the +3 hand axe of the Stopping Gods {speed,
                  | rC+}
  1926 | D:2      | Killed Terence
  1927 | D:2      | Reached skill level 5 in Stealth
  2143 | D:2      | Found a faded altar of an unknown god.
  2292 | D:2      | You pick up a book of Changes and begin reading...
  2292 | D:2      | You add the spells Beastly Appendage, Wereblood and Spider
                  | Form to your library.
  2313 | D:3      | Noticed Sigmund
  2404 | D:3      | Reached XP level 5. HP: 27/31 MP: 8/8
  2967 | D:3      | Noticed Natasha
  2973 | D:3      | Killed Natasha
  2974 | D:3      | Reached skill level 6 in Poison Magic
  3166 | D:3      | Noticed a +0 dagger
  3169 | D:3      | Noticed a +0 hand axe
  3170 | D:3      | Found a hide-covered altar of Uskayaw.
  3234 | D:3      | HP: 3/31 [Sigmund/puff of flame (14)]
  3238 | D:3      | Killed Sigmund
  3239 | D:3      | Reached skill level 7 in Poison Magic
  3239 | D:3      | Reached XP level 6. HP: 4/36 MP: 9/9
  3531 | D:3      | Identified the +2 leather armour "Qyser" {Int+4}
  3659 | D:3      | Noticed Natasha
  3663 | D:3      | Killed Natasha
  3744 | D:3      | Reached skill level 8 in Poison Magic
  3746 | D:3      | Noticed Natasha
  3755 | D:3      | Killed Natasha
  3949 | D:3      | Learned a level 4 spell: Olgreb's Toxic Radiance
  4080 | D:4      | Reached XP level 7. HP: 41/41 MP: 2/10
  4333 | D:4      | Reached skill level 9 in Poison Magic
  4544 | D:4      | You pick up a book of Flames and begin reading...
  4544 | D:4      | You add the spells Foxfire, Conjure Flame and Inner Flame
                  | to your library.
  4625 | D:4      | Reached skill level 1 in Fighting
  4839 | D:4      | Reached skill level 2 in Fighting
  4839 | D:4      | Reached skill level 3 in Dodging
  5035 | D:4      | Reached skill level 3 in Fighting
  5035 | D:4      | Reached XP level 8. HP: 52/52 MP: 11/11
  5272 | D:4      | Found a basalt altar of Yredelemnul.
  5280 | D:4      | Reached skill level 4 in Dodging
  5854 | D:5      | Entered Level 5 of the Dungeon
  6347 | D:5      | Reached skill level 4 in Fighting
  6656 | D:5      | Found an ancient bone altar of Kikubaaqudgha.
  6748 | D:5      | Reached skill level 5 in Dodging
  6947 | D:5      | Found a burning altar of Makhleb.
  7334 | D:6      | Found a glowing drain.
  7458 | D:6      | Reached skill level 5 in Fighting
  7586 | Sewer    | Entered a sewer
  8311 | Sewer    | Reached skill level 6 in Dodging
  8388 | Sewer    | Reached XP level 9. HP: 62/62 MP: 4/12
  9128 | D:6      | Reached skill level 6 in Fighting
  9637 | D:6      | Identified the +8 mace of Xaokh {vorpal, Contam rC+ rCorr
                  | Int+4}
  9681 | D:6      | Gained mutation: You have hidden genetic defects.
                  | [mutagenic glow]
  9797 | D:6      | Found a staircase to the Ecumenical Temple.
  9878 | D:6      | You pick up a book of Minor Magic and begin reading...
  9878 | D:6      | You add the spells Magic Dart and Call Imp to your library.
  9901 | D:6      | HP: 14/61 [wight/+2 short sword (10)]
  9904 | D:6      | Reached skill level 7 in Dodging
 10200 | Temple   | Entered the Ecumenical Temple
 10206 | Temple   | Became a worshipper of Gozag Ym Sagoz the Greedy
 10614 | D:6      | Identified a +2 robe of the Archmagi
 10614 | D:6      | Noticed Blork the orc
 10619 | D:6      | Killed Blork the orc
 10620 | D:6      | Reached skill level 7 in Fighting
 10789 | D:7      | Reached skill level 1 in Summonings
 10954 | D:7      | Lost mutation: You have hidden genetic defects. [potion of
                  | mutation]
 10954 | D:7      | Gained mutation: You do not regenerate when monsters are
                  | visible. [potion of mutation]
 10954 | D:7      | Gained mutation: You have hidden genetic potential. [potion
                  | of mutation]
 10954 | D:7      | Gained mutation: Your flesh is heat resistant. (rF+)
                  | [potion of mutation]
 11018 | D:7      | Reached skill level 2 in Summonings
 11230 | D:7      | Reached skill level 3 in Summonings
 11578 | D:8      | Noticed gdog's ghost (novice GnDe)
 11588 | D:8      | Found a transporter.
 11591 | D:8      | Found a transporter.
 11605 | D:8      | Reached skill level 4 in Summonings
 11780 | D:8      | Reached skill level 5 in Summonings
 11801 | D:8      | HP: 12/64 [orc warrior/+0 battleaxe (11)]
 11801 | D:8      | HP: 1/64 [orc warrior/+0 battleaxe (11)]
 12217 | D:8      | Reached skill level 6 in Summonings
 12217 | D:8      | Reached XP level 10. HP: 71/71 MP: 8/13
 12757 | D:8      | You pick up a book of the Hunter and begin reading...
 12757 | D:8      | You add the spells Call Canine Familiar, Portal Projectile
                  | and Leda's Liquefaction to your library.
 12907 | D:9      | Found a staircase to the Orcish Mines.
 12980 | D:9      | HP: 15/71 [wraith (10)]
 12982 | D:9      | Reached skill level 7 in Summonings
 13346 | D:9      | Noticed a white ugly thing
 13348 | D:9      | Noticed a manticore
 13349 | D:9      | HP: 8/71 [white ugly thing (12)]
 13355 | D:9      | Slain by a white ugly thing

Vanquished Creatures
  Sigmund (D:3)
  2 wraiths
  2 orc warriors
  A black bear (D:5)
  2 ogres
  2 centaurs
  Blork the orc (D:6)
  3 kobold brigands (Sewer)
  4 bullfrogs
  2 gnoll sergeants
  3 necrophages
  2 scorpions
  8 wights
  7 killer bees
  2 jellies (D:5)
  4 howler monkeys
  A centaur zombie (D:4)
  A human zombie (D:4)
  3 hounds
  5 orc priests
  Jessica (D:2)
  Natasha (thrice) (D:3)
  Terence (D:2)
  2 iguanas (D:5)
  2 orc wizards
  A hound zombie (D:4)
  2 mummies (D:4)
  8 gnolls
  7 adders
  3 river rats (Sewer)
  3 white imps
  An ufetubus (D:5)
  2 adder zombies (D:4)
  6 worms
  10 dart slugs
  27 orcs
  4 ball pythons
  4 bats
  12 endoplasms
  5 giant cockroaches (D:6)
  7 hobgoblins
  8 jackals
  9 quokkas
  2 frilled lizards (D:3)
  6 goblins
  10 kobolds
  14 rats
216 creatures vanquished.

Vanquished Creatures (others)
  3 gnolls (D:6)
  2 adders (D:6)
  A white imp (D:6)
6 creatures vanquished.

Grand Total: 222 creatures vanquished

Table legend:
 A = Non-vault XP
 B = Vault XP
 C = Vault XP percentage of total XP
 D = Non-vault monster count
 E = Vault monster count
 F = Vault count percentage of total count
                 A         B        C        D         E       F
            +---------+---------+-------+---------+---------+-------
      Total |    3582 |    1998 |  35.8 |     148 |      68 |  31.5
            +---------+---------+-------+---------+---------+-------
        D:1 |      25 |       0 |   0.0 |      15 |       0 |   0.0
        D:2 |      51 |      73 |  58.9 |      17 |       2 |  10.5
        D:3 |     186 |     267 |  58.9 |      32 |       2 |   5.9
        D:4 |      42 |     676 |  94.2 |      10 |      22 |  68.8
        D:5 |     609 |       0 |   0.0 |      17 |       0 |   0.0
        D:6 |     871 |     118 |  11.9 |      26 |      10 |  27.8
        D:7 |     548 |       0 |   0.0 |       6 |       0 |   0.0
        D:8 |    1166 |       0 |   0.0 |      24 |       0 |   0.0
        D:9 |      84 |     474 |  84.9 |       1 |       4 |  80.0
      Sewer |       0 |     390 | 100.0 |       0 |      28 | 100.0
            +---------+---------+-------+---------+---------+-------

Illustrated notes

Table legend:
 A = Kills in this place as a percentage of kills in entire the game.
 B = Kills by you in this place as a percentage of kills by you in the entire game.
 C = Kills by friends in this place as a percentage of kills by friends in the entire game.
 D = Other kills in this place as a percentage of other kills in the entire game.
 E = Experience gained in this place as a percentage of experience gained in the entire game.
 F = Experience gained in this place divided by the number of levels of this place that you have seen.
                   A       B       C       D       E      F
               +-------+-------+-------+-------+-------+----------------------
         Total | 100.0 | 100.0 |   N/A |   N/A | 100.0 | 507.3
       Dungeon |  87.0 |  87.0 |   N/A |   N/A |  93.0 | 576.7
         Sewer |  13.0 |  13.0 |   N/A |   N/A |   7.0 | 390.0
               +-------+-------+-------+-------+-------+----------------------

Table legend: (Time is in decaauts)
 A = Elapsed time spent in this place.
 B = Non-inter-level travel time spent in this place.
 C = Inter-level travel time spent in this place.
 D = Time resting spent in this place.
 E = Time spent auto-exploring this place.
 F = Levels seen in this place.
 G = Mean time per level.
                   A        B        C        D        E       F      G
               +--------+--------+--------+--------+--------+-----+--------+
         Total |  13375 |  13136 |    239 |   3080 |   8332 |  11 | 1215.9 |
       Dungeon |  12101 |  11869 |    232 |   3080 |   7250 |   9 | 1344.6 |
        Temple |     12 |      6 |      6 |      0 |      0 |   1 |   12.0 |
         Sewer |   1261 |   1261 |      0 |      0 |   1082 |   1 | 1261.0 |
               +--------+--------+--------+--------+--------+-----+--------+

Top non-repeatable levels by time:
     D:6: 2196 daAuts
     D:4: 1779 daAuts
     D:3: 1752 daAuts
     D:5: 1452 daAuts
   Sewer: 1261 daAuts
     D:1: 1186 daAuts
     D:2: 1121 daAuts
     D:7: 1078 daAuts
     D:8: 1062 daAuts
     D:9: 471 daAuts
  Temple: 12 daAuts
